Map: Backwater LE

Players

axu - Winner!

  • Race: Protoss Protoss
  • League: Platinum
  • Spawn Location: 5:00

draco

  • Race: Protoss Protoss
  • League: Platinum
  • Spawn Location: 11:00

VOD

Have the link to the VOD?

Description

Time

  • Played on: April 12, 2018, 5:26 a.m.
  • Length: 6:51
Show
View Real Time Build Order
Export as new Build Order

axu Protoss - Winner!

Build Orders:  

Get SALT Encoding   

  12  0:00  Probe  
  13  0:12  Probe  
  14  0:18  Pylon  
  14  0:25  Probe  
  15  0:37  Probe  
  15  0:42  Gateway  
  16  0:49  Probe  
  17  0:52  Assimilator  
  17  0:57  Assimilator  
  17  1:01  Probe (Chrono Boost)  
  18  1:13  Gateway  
  18  1:17  Probe (Chrono Boost)  
  19  1:29  Probe (Chrono Boost)  
  20  1:39  Cybernetics Core  
  20  1:42  Probe  
  21  1:54  Pylon  
  21  2:03  Probe  
  22  2:15  Adept x2, Probe  
  25  2:16  Warp Gate  
  27  2:27  Probe  
  28  2:43  Stalker  
  30  2:48  Probe, Pylon  
  31  3:06  Stalker  
  31  3:07  Gateway  
  31  3:10  Gateway  
  31  3:35  Stalker  
  31  3:36  Stalker  
  33  3:51  Pylon  
  33  3:54  Pylon  
  33  4:12  Pylon  
  33  4:23  Stalker x3  
  33  4:24  Stalker  
  39  4:51  Stalker x4  
  39  5:27  Stalker x2  
  39  5:28  Stalker x2  
  40  6:01  Stalker x2  
  40  6:02  Stalker x2  
Show
View Real Time Build Order
Export as new Build Order

draco Protoss 

Build Orders:  

Get SALT Encoding   

  12  0:01  Probe  
  13  0:13  Probe  
  14  0:22  Pylon  
  14  0:28  Probe (Chrono Boost)  
  15  0:41  Probe (Chrono Boost)  
  15  0:42  Gateway  
  16  0:48  Probe (Chrono Boost)  
  17  0:56  Probe  
  18  1:00  Assimilator  
  18  1:08  Probe  
  19  1:14  Gateway  
  19  1:19  Pylon  
  19  1:20  Probe  
  20  1:51  Cybernetics Core  
  20  1:52  Probe  
  21  1:57  Assimilator  
  21  2:04  Probe  
  21  2:08  Pylon  
  22  2:16  Probe  
  23  2:28  Probe  
  24  2:31  Stalker (Chrono Boost)  
  24  2:32  Sentry (Chrono Boost)  
  28  2:46  Nexus  
  28  2:49  Pylon, Warp Gate  
  28  2:51  Stalker  
  30  3:08  Sentry  
  26  3:42  Probe  
  26  3:46  Stalker x2  
  31  3:52  Robotics Facility  
  32  3:57  Probe (Chrono Boost)  
  32  3:58  Probe (Chrono Boost)  
  33  4:08  Probe (Chrono Boost)  
  35  4:10  Probe (Chrono Boost)  
  35  4:14  Probe (Chrono Boost)  
  35  4:15  Shield Battery  
  36  4:18  Probe (Chrono Boost)  
  37  4:26  Sentry  
  37  4:28  Stalker  
  37  4:29  Probe (Chrono Boost)  
  37  4:30  Probe (Chrono Boost)  
  43  4:34  Probe (Chrono Boost)  
  43  4:36  Probe  
  35  5:06  Immortal (Chrono Boost)  
  35  5:14  Stalker x2  
  29  5:40  Pylon  
  24  5:43  Pylon  
  13  6:18  Stalker  
  13  6:19  Stalker  
Tags
 
Add a new tag
Caveats
  • Supply blocks, unpowered buildings, or Contaminate may cause inaccurate times.
  • Supply counts are checked every 10 seconds.